 Dungeon Sprint DCSS version 0.30-a0-1124-g6e8f0f562f (webtiles) character file.

Game seed: 8830733503294229252

2700000 PLAYERX the Axe Maniac (level 18, -31/145 HPs)
             Began as a Gargoyle Gladiator on Apr 23, 2023.
             Was a High Priest of Makhleb.
             Annihilated by a large bag of meat
             ... wielding a +9 giant spiked club
              (83 damage)
             ... in the Dungeon (Sprint VIII: "Arena of Blood").
             The game lasted 00:03:46 (27 turns).

PLAYERX the Axe Maniac (Gargoyle Gladiator)           Turns: 27, Time: 00:03:48

Health: -31/145    AC: 19    Str: 26    XL:     18   Next: 13%
Magic:  17/28      EV: 22    Int:  9    God:    Makhleb [*****.]
Gold:   0          SH:  0    Dex: 11    Spells: 30/30 levels left

rFire   . . .        l - +∞ Axe of Woe
rCold   . . .        (shield currently unavailable)
rNeg    + . .        b - +0 leather armour
rPois   ∞            c - +0 helmet
rElec   +            (no cloak)
rCorr   .            (no gloves)
SInv    .            (no boots)
Will    +....        (no amulet)
Stlth   ++++         (no ring)
HPRegen 0.44/turn    (no ring)
MPRegen 0.21/turn

%: no teleportation
@: flying
A: sickness immunity, AC +13, big wings, negative energy resistance 1,
electricity resistance, torment resistance 1, petrification resistance
a: Renounce Religion, Minor Destruction, Lesser Servant of Makhleb, Major
Destruction, Greater Servant of Makhleb


You were in the Dungeon.
You worshipped Makhleb.
Makhleb was extremely pleased with you.
You visited 1 branch

Inventory:

Hand Weapons
 a - a +0 war axe
 l - the +∞ Axe of Woe (weapon)
   (You found it in the Dungeon)
Missiles
 d - 2 throwing nets (quivered)
 e - a javelin
Armour
 b - a +0 leather armour (worn)
 c - a +0 helmet (worn)
Scrolls
 k - a scroll of blinking
Potions
 f - a potion of curing
 h - a potion of haste
 i - 2 potions of magic
 j - a potion of berserk rage


   Skills:
 O Level 27 Fighting
 O Level 27 Axes
 + Level 7.6(20.6) Maces & Flails
 + Level 6.9(19.1) Polearms
 + Level 21.2 Throwing
 + Level 9.8 Armour
 O Level 27 Dodging
 + Level 9.1 Stealth
 + Level 7.6 Unarmed Combat
 + Level 6.9 Spellcasting
 + Level 8.4 Invocations


You had 30 spell levels left.
You didn't know any spells.
Your spell library was empty.

Dungeon Overview and Level Annotations

Branches:
Dungeon (1/1)

Altars:
Makhleb


Innate Abilities, Weirdness & Mutations

You are immune to sickness and miasma.
Your stone body is resilient. (AC +13)
You are immune to poison.
Your large and strong wings let you fly.
You resist negative energy. (rN+)
You are resistant to electric shocks. (rElec)
You are resistant to unholy torment.
You are immune to petrification.


Message History

Your Throwing skill increases to level 21!
Your Armour skill gained 2 levels and is now at level 9!
Your Stealth skill gained 3 levels and is now at level 9!
Your Unarmed Combat skill gained 2 levels and is now at level 7!
Your Spellcasting skill gained 2 levels and is now at level 6!
Your Invocations skill gained 3 levels and is now at level 8!
You have reached level 18!
Aiming: Major Destruction (4% risk of failure)
Press: ? - help, Shift-Dir - straight line, f/p - destroyer
Aim: a destroyer, wielding a +9 heavy great sword and wearing a +200 ring of slaying The bolt of lightning hits the destroyer!
The destroyer is lightly damaged.
The bolt of lightning hits the destroyer!!
The destroyer is lightly damaged.
You hear a shout! x9
The bag of meat completely misses you.
The bag of meat hits you with a +9 war axe!!
Aiming: Major Destruction (4% risk of failure)
Press: ? - help, Shift-Dir - straight line, f/p - destroyer
Aim: a destroyer, wielding a +9 heavy great sword and wearing a +200 ring of slaying (lightly damaged)
The bolt of negative energy hits the destroyer.
The destroyer completely resists.
The destroyer is lightly damaged.
You hear a shout!
The meat berserker hits you with a +9 battleaxe!!
You hear a shout!
The bag of meat hits you with a +9 war axe!
You hear a shout!
The bag of meat hits you with a +9 war axe!
The bag of meat hits you with a +9 war axe!!!
* * * LOW HITPOINT WARNING * * *
A bag of meat comes into view. It is wielding a +9 war axe.
You hear a shout! x4
You feel much better.
The bag of meat shouts!
The meat berserker barely misses you.
You hear a shout! x4
The large bag of meat hits you with a +9 giant spiked club!!!!
Ouch! That really hurt!
You die...

..............o
........#.#......
...o............#
.................
......O..........
.....ooo........
.....oooo......
#.oo@oo.#
#..OO)V.# .
.###..)....###...
......###........
......._..)O.....
....#..)).#......
....#_.<._#......
... #.....#..(...
......._.........


You could see a destroyer, 3 large bags of meat, a meat berserker (berserk) and
13 bags of meat.

Vanquished Creatures
  6 ogres (D)
  14 orcs (D)
20 creatures vanquished.

Notes
Turn   | Place    | Note
-------+----------+-------------------------------------------
     0 | D        | Found the +∞ Axe of Woe
     0 | D        | PLAYERX the Gargoyle Gladiator began the quest for the Orb.
     0 | D        | Reached XP level 1. HP: 12/12 MP: 1/1
     2 | D        | Noticed a bag of meat
     4 | D        | Became a worshipper of Makhleb the Destroyer
     4 | D        | Noticed a bag of meat
     5 | D        | Killed a bag of meat
     5 | D        | Killed a bag of meat
     5 | D        | Reached * piety under Makhleb
     5 | D        | Noticed a bag of meat
     6 | D        | Reached skill level 15 in Dodging
     6 | D        | Reached XP level 2. HP: 29/29 MP: 2/2
     6 | D        | Reached XP level 3. HP: 34/34 MP: 3/3
     6 | D        | Reached XP level 4. HP: 40/40 MP: 4/4
     6 | D        | Reached XP level 5. HP: 44/44 MP: 5/5
     6 | D        | Reached XP level 6. HP: 49/49 MP: 6/6
     6 | D        | Reached XP level 7. HP: 54/54 MP: 7/7
     6 | D        | Reached XP level 8. HP: 60/60 MP: 8/8
     6 | D        | Reached XP level 9. HP: 64/64 MP: 9/9
     6 | D        | Reached XP level 10. HP: 70/70 MP: 10/10
     6 | D        | Reached XP level 11. HP: 74/74 MP: 11/11
     6 | D        | Reached XP level 12. HP: 80/80 MP: 12/12
     8 | D        | Killed a bag of meat
     9 | D        | Reached skill level 10 in Throwing
     9 | D        | Noticed a bag of meat
     9 | D        | Noticed a bag of meat
     9 | D        | Noticed a bag of meat
     9 | D        | Noticed a bag of meat
    10 | D        | Noticed a bag of meat
    10 | D        | Noticed a bag of meat
    11 | D        | Noticed a bag of meat
    11 | D        | Noticed a meat berserker
    11 | D        | Noticed a bag of meat
    12 | D        | Noticed a meat berserker
    13 | D        | Killed a bag of meat
    13 | D        | Noticed a meat berserker
    13 | D        | Noticed a bag of meat
    14 | D        | Reached XP level 13. HP: 88/88 MP: 13/13
    14 | D        | Noticed a meat berserker
    14 | D        | Noticed a bag of meat
    14 | D        | Noticed a meat berserker
    14 | D        | Noticed a bag of meat
    14 | D        | Noticed a bag of meat
    15 | D        | Killed a bag of meat
    15 | D        | Reached ** piety under Makhleb
    15 | D        | Killed a bag of meat
    15 | D        | Killed a bag of meat
    15 | D        | Noticed a meat berserker
    15 | D        | Noticed a bag of meat
    15 | D        | Noticed a bag of meat
    16 | D        | Reached skill level 15 in Fighting
    16 | D        | Gained mutation: Your large and strong wings let you fly.
                  | [Gargoyle growth]
    16 | D        | Reached XP level 14. HP: 98/98 MP: 14/14
    16 | D        | Noticed a bag of meat
    16 | D        | Killed a bag of meat
    16 | D        | Reached *** piety under Makhleb
    17 | D        | Noticed a bag of meat
    17 | D        | Noticed a bag of meat
    17 | D        | Noticed a bag of meat
    17 | D        | Noticed a bag of meat
    17 | D        | Noticed a bag of meat
    18 | D        | Killed a meat berserker
    18 | D        | Killed a meat berserker
    18 | D        | Noticed a bag of meat
    18 | D        | Noticed a bag of meat
    19 | D        | Reached XP level 15. HP: 107/107 MP: 15/15
    19 | D        | Killed a meat berserker
    19 | D        | Reached **** piety under Makhleb
    19 | D        | Killed a meat berserker
    19 | D        | Noticed a large bag of meat
    20 | D        | Reached skill level 27 in Axes
    20 | D        | Reached skill level 15 in Throwing
    20 | D        | Reached XP level 16. HP: 122/122 MP: 16/16
    20 | D        | Killed a meat berserker
    20 | D        | Noticed a large bag of meat
    20 | D        | Noticed a meat berserker
    21 | D        | Reached skill level 27 in Dodging
    21 | D        | Reached XP level 17. HP: 133/133 MP: 17/17
    21 | D        | Killed a meat berserker
    21 | D        | Reached ***** piety under Makhleb
    22 | D        | Reached skill level 27 in Fighting
    22 | D        | Noticed a destroyer
    22 | D        | Noticed a large bag of meat
    23 | D        | Reached skill level 5 in Maces & Flails
    23 | D        | Reached skill level 5 in Unarmed Combat
    23 | D        | Reached skill level 5 in Invocations
    25 | D        | Reached XP level 18. HP: 145/145 MP: 17/28
    27 | D        | Annihilated by a large bag of meat

Illustrated notes

Levels and vault maps discovered:
D:        meatsprint

Skill      XL: |  1  2  3  4  5  6  7  8  9 10 11 12 13 14 15 16 17 |
---------------+----------------------------------------------------+-----
Fighting       | 11 13 15 17 21 24 27 | 27.0
Axes           | 17 20 23 26 27 | 27.0
Throwing       | 9 10 11 13 15 16 21 | 21.2
Dodging        | 15 18 20 23 26 27 | 27.0
Armour         | 9 |  9.8
Maces & Flails | 7 |  7.6
Polearms       | 6 |  6.9
Stealth        | 9 |  9.1
Unarmed Combat | 7 |  7.6
Spellcasting   | 6 |  6.9
Invocations    | 8 |  8.4

Action                     |  1- 3 |  4- 6 |  7- 9 | 10-12 | 13-15 | 16-18 || total
---------------------------+-------+-------+-------+-------+-------+-------++-------
  Melee: Executioner's axe |     1 |       |       |     2 |     4 |     4 ||    11
  Throw: Throwing net      |       |       |       |       |       |     1 ||     1
 Invoke: Major Destruction |       |       |       |       |       |     2 ||     2
    Use: Potion            |       |       |       |       |       |     1 ||     1
 Armour: Leather armour    |       |       |       |       |     1 |       ||     1
  Dodge: Dodged            |       |       |       |     1 |       |     2 ||     3

Table legend: (Time is in decaauts)
 A = Elapsed time spent in this place.
 B = Non-inter-level travel time spent in this place.
 C = Inter-level travel time spent in this place.
 D = Time resting spent in this place.
 E = Time spent auto-exploring this place.
 F = Levels seen in this place.
 G = Mean time per level.
                   A        B        C        D        E       F      G
               +--------+--------+--------+--------+--------+-----+--------+
         Total |     24 |     24 |      0 |      0 |      0 |   1 |   24.0 |
       Dungeon |     24 |     24 |      0 |      0 |      0 |   1 |   24.0 |
               +--------+--------+--------+--------+--------+-----+--------+

Top non-repeatable levels by time:
       D: 24 daAuts
